 Dungeon Crawl Stone Soup version 0.29.1-15-g9cfb28693d (webtiles) character file.

Game seed: 742394474635594818

224 Ast3rio the Chopper (level 5, -2/47 HPs)
             Began as a Minotaur Berserker on Feb 27, 2023.
             Was a Believer of Trog.
             Slain by a hound (4 damage)
             ... on level 4 of the Dungeon.
             The game lasted 00:07:08 (3263 turns).

Ast3rio the Chopper (Minotaur Berserker)            Turns: 3263, Time: 00:07:08

Health: -2/47      AC: 11    Str: 23    XL:     5   Next: 67%
Magic:  4/4        EV:  7    Int:  4    God:    Trog [**....]
Gold:   51         SH:  0    Dex: 10    Spells: 4/4 levels left

rFire   . . .      SeeInvis .   a - +0 hand axe
rCold   . . .      Faith    .   (no shield)
rNeg    . . .      Spirit   .   g - +0 plate armour
rPois   .          Reflect  .   (helmet restricted)
rElec   .          Harm     .   (no cloak)
rCorr   .          Rampage  .   (no gloves)
Will    .....                   (no boots)
Stlth   ..........              (no amulet)
HPRegen 0.15/turn               (no ring)
MPRegen 0.09/turn               (no ring)

@: on berserk cooldown, slowed, very slow
A: horns 2, retaliatory headbutt
a: Renounce Religion, Berserk, Trog's Hand


You were on level 4 of the Dungeon.
You worshipped Trog.
Trog was pleased with you.
You visited 1 branch of the dungeon, and saw 4 of its levels.

You collected 51 gold pieces.

Inventory:

Hand Weapons
 a - a +0 hand axe (weapon)
Armour
 b - a +0 animal skin
 g - a +0 plate armour (worn)
 i - the +0 ring mail of Distant Shores {rElec rC+ rCorr Int-4}
   (You found it on level 2 of the Dungeon)

   Int:       It affects your intelligence (-4).
   rC:        It protects you from cold.
   rElec:     It insulates you from electricity.
   rCorr:     It protects you from acid and corrosion.
Jewellery
 s - a ring of fire
Scrolls
 c - 3 scrolls of identify {unknown}
 d - a scroll of brand weapon {unknown}
 e - a scroll of immolation {unknown}
 j - a scroll of noise {unknown}
 k - a scroll of enchant weapon {unknown}
 m - 2 scrolls of amnesia {unknown}
 o - a scroll of teleportation {unknown}
 r - a scroll of butterflies {unknown}
 t - a scroll of summoning {unknown}
Potions
 f - a potion of mutation {unknown}
 h - a potion of ambrosia {unknown}
 l - a potion of resistance {unknown}
 n - a potion of berserk rage {unknown}
 p - a potion of cancellation {unknown}
 q - 2 potions of curing {unknown}


   Skills:
 + Level 4.9 Fighting
 + Level 5.4 Axes
 + Level 4.2 Armour
 + Level 2.9 Dodging
 + Level 0.6 Stealth


You had 4 spell levels left.
You didn't know any spells.
Your spell library was empty.

Dungeon Overview and Level Annotations

Branches:
Dungeon (4/15)
 Temple: D:4-7

Altars:
Elyvilon
Trog
Yredelemnul

Shops:
D:4 !


Innate Abilities, Weirdness & Mutations

You have a pair of horns on your head.
You reflexively headbutt those who attack you in melee.


Message History

You hit the ice beast.
You kill the ice beast!
Trog accepts your kill.
Your Axes skill increases to level 5!
Your Armour skill increases to level 4!
You have reached level 5!
A hound comes into view.
The hound barks!
You feel a strong urge to attack something.
You are no longer berserk.
You are exhausted.
You feel yourself slow down. The hound barely misses you.
The hound stops to sniff the ground.
The hound barely misses you. You furiously retaliate!
You headbutt the hound. The hound bites you but does no damage.
You barely miss the hound.
The hound is lightly wounded.
The hound bites you but does no damage. The hound closely misses you.
You furiously retaliate!
You headbutt the hound! You closely miss the hound.
The hound is severely wounded.
The hound bites you but does no damage. x2
You completely miss the hound. Your headbutt misses the hound.
The hound is severely wounded.
The hound bites you but does no damage. x2
You closely miss the hound.
The hound is severely wounded.
The hound bites you but does no damage. x3
You closely miss the hound.
The hound is severely wounded.
The hound closely misses you. x2
You hit the hound.
The hound is severely wounded.
The hound bites you but does no damage. The hound bites you.
* * * LOW HITPOINT WARNING * * *
The hound barely misses you.
You hit the hound.
The hound is almost dead.
The hound bites you.
You die...

#. ### #. ...
..## ##.##..#####
...#...... ...
.....)# ...
#.h..# #..##.@..#
#........+
###..##...#
..#.....#..#####.
.................
...#...#.#######
#.##.##...!..#
#............#
..#..........#


You could see a hound.

Vanquished Creatures
  An ice beast (D:4)
  6 adders
  3 worms
  3 dart slugs
  8 bats
  6 endoplasms
  3 giant cockroaches
  6 hobgoblins
  3 jackals (D:3)
  2 quokkas
  3 ball pythons
  2 frilled lizards
  7 goblins
  8 kobolds
  2 rats (D:1)
63 creatures vanquished.

Notes
Turn   | Place    | Note
-------+----------+-------------------------------------------
     0 | D:1      | Ast3rio the Minotaur Berserker began the quest for the Orb.
     0 | D:1      | Reached XP level 1. HP: 19/19 MP: 0/0
   407 | D:1      | Reached XP level 2. HP: 23/27 MP: 1/1
  1216 | D:1      | Reached skill level 4 in Axes
  1485 | D:2      | Identified the +0 ring mail of Distant Shores {rElec rC+
                  | rCorr Int-4}
  1549 | D:2      | Reached XP level 3. HP: 33/33 MP: 2/2
  1786 | D:2      | Reached ** piety under Trog
  2105 | D:3      | Reached XP level 4. HP: 34/41 MP: 3/3
  2502 | D:3      | Found a faded altar of an unknown god.
  2710 | D:3      | Found a bloodstained altar of Trog.
  2710 | D:3      | Found a white marble altar of Elyvilon.
  2711 | D:3      | Found a basalt altar of Yredelemnul.
  3025 | D:4      | Found Musoeff's Distillery.
  3239 | D:4      | Noticed an ice beast
  3252 | D:4      | Killed an ice beast
  3253 | D:4      | Reached skill level 5 in Axes
  3253 | D:4      | Reached XP level 5. HP: 7/47 MP: 4/4
  3262 | D:4      | HP: 1/47 [hound (5)]
  3263 | D:4      | Slain by a hound

Illustrated notes

Levels and vault maps discovered:
D:1:      scummos_arrival_simple_fountains, layout_basic
D:2:      layout_basic, minmay_misc_feat_pillars
D:3:      layout_rooms, minitemple, ebering_ecumenical_altar_rust,
          kennysheep_generic_room_6
D:4:      layout_basic, ebering_ghost_rock_garden, nicolae_take_the_stairs,
          hangedman_decor_clover_reticule, goddamned_bats

Skill      XL: |  1  2  3  4 |
---------------+-------------+-----
Fighting       | 4 |  4.9
Axes           | 4 5 |  5.4
Armour         | 3 4 |  4.2
Dodging        | |  2.9
Stealth        | |  0.6

Action                   |  1- 3 |  4- 6 || total
-------------------------+-------+-------++-------
Melee: Hand axe          |    85 |    93 ||   178
       Punch             |     2 |       ||     2
       Headbutt          |     8 |     9 ||    17
Invok: Trog's Hand       |     1 |       ||     1
       Berserk           |       |     1 ||     1
Armor: Animal skin       |     8 |       ||     8
       Plate armour      |    30 |    77 ||   107
Dodge: Dodged            |    43 |    39 ||    82
